Map: Valle del ocaso EE

Players

MrFercho - Winner!

  • Race: Zerg Zerg
  • Spawn Location: 5:00

tigro

  • Race: Terran Terran
  • Spawn Location: 12:00

VOD

Have the link to the VOD?

Description

Time

  • Played on: Sept. 8, 2019, 8:35 p.m.
  • Length: 15:10
Show
View Real Time Build Order
Export as new Build Order

MrFercho Zerg - Winner!

Build Orders: Pool First 

Get SALT Encoding   

  12  0:06  Drone  
  13  0:16  Overlord  
  13  0:22  Drone  
  14  0:37  Spawning Pool  
  14  0:40  Drone  
  14  0:46  Extractor  
  13  0:52  Drone x2  
  15  1:24  Zergling x2  
  15  1:25  Zergling x4  
  18  1:35  Queen  
  20  1:43  Drone  
  22  2:01  Drone  
  22  2:21  Overlord x2  
  22  2:38  Queen  
  24  2:44  Drone x2  
  24  2:45  Drone  
  27  3:07  Hatchery  
  24  3:58  Zergling x6  
  27  4:21  Overlord  
  27  4:22  Zergling x2  
  27  5:16  Zergling x2  
  27  5:17  Zergling x12  
  34  5:56  Metabolic Boost  
  34  6:02  Burrow  
  34  6:06  Zergling x12  
  34  6:07  Zergling x2  
  31  7:54  Zergling x6  
  31  7:55  Zergling x10  
  31  7:56  Zergling x6  
  42  8:07  Lair  
  35  9:19  Drone  
  35  9:20  Drone x2  
  37  9:58  Spire  
  31  11:31  Mutalisk x6  
  31  11:32  Mutalisk x5  
  48  12:45  Zergling x6  
  48  12:48  Overlord  
Show
View Real Time Build Order
Export as new Build Order

tigro Terran 

Build Orders:  

Get SALT Encoding   

  12  0:03  SCV  
  13  0:15  SCV  
  14  0:24  Supply Depot  
  14  0:27  SCV  
  15  0:35  Refinery  
  15  0:44  Refinery  
  15  0:46  SCV  
  16  0:58  SCV  
  17  1:08  Barracks  
  17  1:14  SCV  
  18  1:26  SCV  
  19  1:38  SCV  
  20  1:42  Supply Depot  
  20  1:50  SCV  
  21  1:56  Barracks  
  21  2:01  Reaper  
  22  2:33  Reaper  
  23  2:51  Engineering Bay  
  23  2:56  Barracks Tech Lab  
  23  3:02  Command Center  
  23  3:05  Reaper  
  22  3:24  Marine  
  18  3:38  Reaper  
  17  3:42  Marine  
  17  4:00  Marine  
  12  4:09  Marine  
  9  4:10  SCV  
  8  4:18  Marine  
  8  4:22  SCV  
  8  4:34  SCV  
  8  4:36  Marine  
  10  4:44  Barracks Tech Lab  
  10  4:47  SCV  
  11  4:53  Marine  
  11  4:59  SCV  
  13  5:11  Marine, SCV  
  15  5:23  SCV  
  15  5:24  SCV  
  17  5:29  Marine  
  18  5:36  SCV  
  19  5:47  Marine  
  20  6:12  SCV  
  21  6:28  Marauder  
  19  6:42  Planetary Fortress  
  14  6:49  Marine  
  14  6:50  Marine  
  14  7:07  Marine x2  
  14  7:24  Orbital Command  
  14  7:25  Marine x2  
  16  7:39  SCV  
  16  7:43  Marine x2  
  19  7:51  SCV  
  19  7:57  SCV  
  21  8:09  Supply Depot  
  21  8:10  SCV  
  21  8:11  Terran Infantry Weapons Level 1  
  19  8:28  Marine  
  14  9:45  Supply Depot  
  14  9:52  Refinery  
  9  10:24  Barracks  
  9  10:41  Supply Depot  
  9  10:49  Barracks  
  9  11:11  Marine  
  9  11:29  Marine  
  9  11:47  Marine  
  10  12:00  Barracks  
  10  12:04  Marine  
  11  12:22  Marine  
  11  12:25  SCV  
  13  12:40  Marine  
  14  12:58  Marine  
  4  13:16  Marine  
  2  13:51  Command Center  
  2  13:52  Barracks Tech Lab  
Tags
 
Matchup
TvZ
Opening
Pool First
Replay Pack
MrFercho
Spawn Locations
Cross Positions
Add a new tag
Caveats
  • Supply blocks, unpowered buildings, or Contaminate may cause inaccurate times.
  • Supply counts are checked every 10 seconds.